 Dungeon Crawl Stone Soup version 0.25-a0-58-g9dd530fc12 (webtiles) character file.

Game seed: 14737177416728050126, levelgen mode: deterministic

32 Granthy the Fighter (level 3, 0/38 HPs)
             Began as a Gnoll Wanderer on Oct 27, 2019.
             Slain by a goblin
             ... wielding a +0 dagger of protection
             ... led by Robin
              (8 damage)
             ... on level 1 of the Dungeon.
             The game lasted 00:03:14 (887 turns).

Granthy the Fighter (Gnoll Wanderer)                 Turns: 887, Time: 00:03:14

Health: 0/38       AC:  2    Str: 13    XL:     3   Next: 27%
Magic:  4/4        EV: 11    Int: 17    God:
Gold:   23         SH:  0    Dex: 13    Spells: 3/3 levels left

rFire    . . .     SeeInvis .   s - +1 dagger (holy)
rCold    . . .     Gourm    .   (no shield)
rNeg     . . .     Faith    .   e - +0 robe
rPois    .         Spirit   .   (no helmet)
rElec    .         Reflect  .   (no cloak)
rCorr    .         Harm     .   (no gloves)
MR       .....                  (no boots)
Stlth    ++........             (no amulet)
HPRegen  0.12/turn              (no ring)
MPRegen  0.09/turn              (no ring)

@: no status effects
A: distributed training, fangs 1, strong nose
a: no special abilities


You were on level 1 of the Dungeon.
You were not hungry.

You visited 1 branch of the dungeon, and saw 2 of its levels.

You collected 23 gold pieces.

Inventory:

Hand Weapons
 a - a +2 shortbow
 c - a +0 mace
 g - a +0 hand axe
 s - a +1 dagger of holy wrath (weapon)
Missiles
 b - 34 arrows
 m - 8 boomerangs (quivered)
Armour
 e - a +0 robe (worn)
Jewellery
 j - a +1 ring of protection {unknown}
Wands
 d - a wand of random effects (15)
Scrolls
 h - a scroll of magic mapping {unknown}
 i - 2 scrolls of identify {unknown}
 k - a scroll of fog {unknown}
 r - a scroll of immolation {unknown}
Potions
 l - a potion of agility
 n - 3 potions of curing {unknown}
 o - a potion of berserk rage {unknown}
 q - a potion of haste {unknown}
Comestibles
 f - 2 rations
 p - 5 chunks of flesh


   Skills:
 + Level 8.5 Fighting
 + Level 0.6 Short Blades
 + Level 0.6 Long Blades
 + Level 0.6 Axes
 + Level 0.6 Maces & Flails
 + Level 0.6 Polearms
 + Level 0.6 Staves
 + Level 0.6 Slings
 + Level 2.5 Bows
 + Level 0.6 Crossbows
 + Level 2.5 Throwing
 + Level 4.5 Armour
 + Level 0.6 Dodging
 + Level 2.3 Stealth
 + Level 0.6 Shields
 + Level 0.6 Unarmed Combat
 + Level 0.6 Spellcasting
 + Level 0.4 Conjurations
 + Level 0.4 Hexes
 + Level 0.4 Charms
 + Level 0.4 Summonings
 + Level 0.4 Necromancy
 + Level 0.4 Translocations
 + Level 0.4 Transmutations
 + Level 0.4 Fire Magic
 + Level 0.4 Ice Magic
 + Level 0.4 Air Magic
 + Level 0.4 Earth Magic
 + Level 0.4 Poison Magic
 + Level 0.8 Invocations
 + Level 2.5 Evocations


You had 3 spell levels left.
You didn't know any spells.
Your spell library was empty.

Dungeon Overview and Level Annotations

Branches:
Dungeon (2/15)

Altars:

Annotations:
D:1 Robin


Innate Abilities, Weirdness & Mutations

Your experience applies equally to all skills.
You have very sharp teeth.
Your uncanny sense of smell can sniff out nearby items.


Message History

Robin hits you with a +0 falchion!
The goblin hits you with a +0 dagger of protection.
You hit the goblin but do no damage.
Robin says, "Duck!"
Robin completely misses you.
The goblin hits you with a +0 dagger of protection.
You hit Robin.
Robin is moderately wounded.
Robin barely misses you.
The goblin hits you with a +0 dagger of protection.
You hit the goblin but do no damage. Robin hits you with a +0 falchion.
* * * LOW HITPOINT WARNING * * *
You hit the goblin but do no damage. The goblin hits you but does no damage.
Robin closely misses you.
You barely miss the goblin. The goblin hits you but does no damage.
Robin hits you with a +0 falchion.
* * * LOW HITPOINT WARNING * * *
You hit the goblin but do no damage.
The goblin hits you with a +0 dagger of protection!
You die...

## #..# #.# #.#
.####..####.# #†#
.)..........#####
#.#
.......).....>..#
#.#
.#.##..##.#####.#
#.# .#.##..##.#
#.# #..
.#.##..##.# #.#
#.# .#.##..##.#
##g## #.#
.#.##..##.# #.)@#
#.# .#.###.##.#
#.g÷# #..
..........# #...#
##.# .......#..#
##.## #.##
.#.###.#..# #.#
##.# .#.###....#
#.# ##.
..........# #.#
##
......#.#######.#
##
................#
#.


You could see Robin and a goblin.

Vanquished Creatures
  A dart slug (D:1)
  4 bats (D:1)
  2 giant cockroaches (D:1)
  2 hobgoblins (D:1)
  A ball python (D:1)
  11 goblins
  3 kobolds
  5 rats (D:1)
29 creatures vanquished.

Notes
Turn   | Place    | Note
-------+----------+-------------------------------------------
     0 | D:1      | Granthy the Gnoll Wanderer began the quest for the Orb.
     0 | D:1      | Granthy set off with the following items: a +2 shortbow, 22
                  | arrows, a +0 mace, a wand of random effects (15), a +0
                  | robe, a ration
     0 | D:1      | Reached XP level 1. HP: 26/26 MP: 2/2
     4 | D:1      | Noticed a vampire
     4 | D:1      | Noticed an ogre
     6 | D:1      | Noticed a formicid
     9 | D:1      | Noticed a troll
     9 | D:1      | Noticed a ghoul
    11 | D:1      | Noticed a draconian
    13 | D:1      | Noticed an elf
    15 | D:1      | Noticed a demigod
    15 | D:1      | Noticed a merfolk
    17 | D:1      | Noticed a demonspawn
    17 | D:1      | Noticed a felid
    19 | D:1      | Noticed a centaur
    19 | D:1      | Noticed a human
    21 | D:1      | Noticed a vine stalker
    21 | D:1      | Noticed a minotaur
    23 | D:1      | Noticed a spriggan
    23 | D:1      | Noticed a tengu
    25 | D:1      | Noticed a dwarf
    25 | D:1      | Noticed an octopode
    27 | D:1      | Noticed a halfling
    27 | D:1      | Noticed a gargoyle
    29 | D:1      | Noticed a naga
   148 | D:1      | Reached XP level 2. HP: 33/33 MP: 3/3
   642 | D:2      | Reached XP level 3. HP: 38/38 MP: 4/4
   642 | D:2      | Noticed Robin
   887 | D:1      | Slain by a goblin

Levels and vault maps discovered:
D:1:      kb_arrival_jail, layout_loops_ring
D:2:      layout_basic, minmay_joined_circles, uniq_robin

Action                   || total
-------------------------++-------
Melee: Dagger            ||    13
       Bite              ||     1
 Fire: Shortbow          ||    50
Armor: Robe              ||     6
Dodge: Dodged            ||    17

Table legend:
 A = Non-vault XP
 B = Vault XP
 C = Vault XP percentage of total XP
 D = Non-vault monster count
 E = Vault monster count
 F = Vault count percentage of total count
                 A         B        C        D         E       F
            +---------+---------+-------+---------+---------+-------
      Total |      31 |      16 |  34.0 |      21 |       8 |  27.6
            +---------+---------+-------+---------+---------+-------
        D:1 |      30 |      10 |  25.0 |      20 |       5 |  20.0
        D:2 |       1 |       6 |  85.7 |       1 |       3 |  75.0
            +---------+---------+-------+---------+---------+-------
